 Dungeon Crawl Stone Soup version 0.28.0-43-g3370ac3207 (webtiles) character file.

Game seed: 9731894683481858703

1 pkoi the Grasshopper (level 1, -1/19 HPs)
             Began as a Naga Warper on Mar 21, 2022.
             Slain by a goblin
             ... wielding a +0 club
              (5 damage)
             ... on level 1 of the Dungeon.
             The game lasted 00:00:15 (41 turns).

pkoi the Grasshopper (Naga Warper)                    Turns: 41, Time: 00:00:16

Health: -1/19      AC:  1    Str: 13    XL:     1   Next: 20%
Magic:  3/3        EV:  9    Int: 13    God:
Gold:   0          SH:  0    Dex: 10    Spells: 4/4 levels left

rFire   . . .      SeeInvis +     - Unarmed
rCold   . . .      Faith    .   (no shield)
rNeg    . . .      Spirit   .   a - +0 leather armour
rPois   +          Reflect  .   (no helmet)
rElec   .          Harm     .   (no cloak)
rCorr   .          Rampage  .   (no gloves)
Will    .....                   (no barding)
Stlth   +.........              (no amulet)
HPRegen 0.06/turn               (no ring)
MPRegen 0.08/turn               (no ring)

@: very slow
A: AC +0, large, see invisible, deformed body, poison resistance, slowness 2,
spit poison 1, naga tail 1
a: Spit Poison


You were on level 1 of the Dungeon.
You visited 1 branch of the dungeon, and saw 1 of its levels.

Inventory:

Missiles
 c - 5 boomerangs of dispersal (quivered)
Armour
 a - a +0 leather armour (worn)
Scrolls
 b - a scroll of blinking


   Skills:
 - Level 2.0 Fighting
 - Level 0.8 Throwing
 - Level 0.7 Armour
 - Level 1.5 Dodging
 + Level 2.1 Unarmed Combat
 - Level 2.0 Spellcasting
 - Level 3.0 Translocations


You had 4 spell levels left.
You didn't know any spells.
Your spell library contained the following spells:

 Spells                   Type           Power      Damage    Failure   Level
 Blink                    Tloc           18%        N/A       14%         2
 Gell's Gravitas          Tloc           9%         N/A       28%         3
 Lesser Beckoning         Tloc           9%         N/A       28%         3
 Teleport Other           Tloc           9%         N/A       28%         3
 Manifold Assault         Tloc           9%         N/A       95%         5


Dungeon Overview and Level Annotations

Branches:
Dungeon (1/15)

Altars:


Innate Abilities, Weirdness & Mutations

Your serpentine skin is tough. (AC +0)
You have supernaturally acute eyesight. (SInv)
Armour fits poorly on your strangely shaped body.
Your system is resistant to poisons. (rPois)
You cover ground very slowly.
You can spit poison.
You have a snake-like lower body.


Message History

A hobgoblin comes into view.
The bat barely misses you.
There is a large open door, spattered with blood here.
The bat barely misses you.
You closely miss the bat. The bat barely misses you.
You hit the frilled lizard.
You kill the frilled lizard!
The bat hits you.
* * * LOW HITPOINT WARNING * * *
The bat hits you but does no damage.
You miss the bat. The bat hits you but does no damage. x2
You barely miss the goblin. The bat hits you.
* * * LOW HITPOINT WARNING * * *
The goblin hits you with a +0 club.
* * * LOW HITPOINT WARNING * * *
You closely miss the goblin. The bat barely misses you.
The goblin barely misses you.
You closely miss the goblin. The bat hits you but does no damage.
The goblin barely misses you.
You closely miss the goblin. The bat barely misses you.
The goblin hits you but does no damage.
You hit the goblin.
The goblin is heavily wounded.
The bat hits you but does no damage. x2; The goblin hits you with a +0 club.
* * * LOW HITPOINT WARNING * * *
You hit the goblin but do no damage.
The goblin is heavily wounded.
The bat misses you. The bat hits you.
* * * LOW HITPOINT WARNING * * *
The goblin barely misses you.
You barely miss the goblin.
The goblin is heavily wounded.
The bat closely misses you. The goblin hits you with a +0 club.
* * * LOW HITPOINT WARNING * * *
The bat hits you.
* * * LOW HITPOINT WARNING * * *
You closely miss the goblin.
The goblin is heavily wounded.
The bat hits you but does no damage. The goblin hits you with a +0 club.
You die...

..≈#.?....
##############.≈#......
#.#.≈≈.#≈≈≈≈≈#8≈.......
#.#.§≈.#≈...≈#.≈.......
#.#.§≈.#≈.#.≈#.≈.......
#.#.§≈.#≈.#.≈#8≈.!...#
#.#§§§.#≈.#.≈#.≈..##
#<'....'..#@gb.....#
#.'§.§.'..#..'.....#
#.#.≈§§#≈.#.≈#.≈...#
#.#.§≈.#≈.#.≈#8≈?..#
#.#.≈≈.#≈.#.≈#.≈.....
#.#.≈≈.#≈...≈#.≈...#.#
#.#.≈≈.#≈≈≈≈≈#8≈.......
##############.≈.##..##


You could see a goblin and a bat.

Vanquished Creatures
  A ball python (D:1)
  A frilled lizard (D:1)
2 creatures vanquished.

Notes
Turn   | Place    | Note
-------+----------+-------------------------------------------
     0 | D:1      | pkoi the Naga Warper began the quest for the Orb.
     0 | D:1      | Reached XP level 1. HP: 19/19 MP: 3/3
    41 | D:1      | Slain by a goblin

Illustrated notes

Levels and vault maps discovered:
D:1:      lightli_arrival_isolated_outpost, layout_rooms,
          shapermc_ecumenical_altar_hornbeckon

Action                   || total
-------------------------++-------
Melee: Unarmed           ||    16
Armor: Leather armour    ||     9
Dodge: Dodged            ||    12
